 Dungeon Crawl Stone Soup version 0.29.0-13-gc9e81de378 (webtiles) character file.

Game seed: 16676693080308551705

133853 LustLizard the Brawler (level 16, -8/167 HPs)
             Began as a Troll Fighter on Sept 9, 2022.
             Was the Champion of Wu Jian.
             Shot with an arrow by a satyr (25 damage)
             ... on level 4 of the Shoals on Sept 10, 2022.
             The game lasted 00:59:20 (24767 turns).

LustLizard the Brawler (Troll Fighter)             Turns: 24767, Time: 00:59:21

Health: -8/167     AC: 26    Str: 32    XL:     16   Next: 60%
Magic:  6/6        EV:  8    Int: 14    God:    Wu Jian [******]
Gold:   1309       SH: 11    Dex:  9    Spells: 15/15 levels left

rFire   . . .      SeeInvis .     - Unarmed
rCold   + . .      Faith    .   b - +0 kite shield
rNeg    + . .      Spirit   .   C - +1 shadow dragon scales of the Constellations {MP-9 Str+4 Stlth++++}
rPois   .          Reflect  .   T - +2 hat
rElec   .          Harm     .   B - +1 cloak of Pantheism {Int+4}
rCorr   .          Rampage  .   (gloves unavailable)
Will    +....                   (boots unavailable)
Stlth   +++.......              A - amulet "Rougaprunea" {rC+ rN+ Regen+ Stlth+}
HPRegen 1.97/turn               q - +4 ring of slaying
MPRegen 0.10/turn               Z - ring of the Tortoise {AC+8}

@: no status effects
A: large, unfitting armour, claws 3, regeneration 1, shaggy fur 1, tough skin 1
a: Renounce Religion, Wall Jump, Serpent's Lash, Heavenly Storm


You were on level 4 of the Shoals.
You worshipped Wu Jian.
Wu Jian was exalted by your worship.
You visited 4 branches of the dungeon, and saw 25 of its levels.
You also visited: Volcano.

You collected 3461 gold pieces.
You spent 2152 gold pieces at shops.

Inventory:

Hand Weapons
 a - the +7 mace "Rylaasa" {protect, +Blink Stlth+}
   (You found it on level 12 of the Dungeon)

   It grants its wielder temporary protection when it strikes (+7 to AC).
   +Blink:    It lets you blink.
   Stlth:     It makes you more stealthy.
Missiles
 n - 29 poisoned darts (quivered)
 p - 39 boomerangs
 z - 4 throwing nets
 H - 4 datura-tipped darts
 P - 12 curare-tipped darts
 Y - 18 javelins
Armour
 b - a +0 kite shield (worn)
 B - the +1 cloak of Pantheism (worn) {Int+4}
   (You acquired it on level 3 of the Shoals)

   Int:       It affects your intelligence (+4).
 C - the +1 shadow dragon scales of the Constellations (worn) {MP-9 Str+4 Stlth++++}
   (You acquired it on level 7 of the Dungeon)

   Str:       It affects your strength (+4).
   MP:        It affects your magic capacity (-9).
   Stlth:     It makes you much more stealthy.
 G - +0 fire dragon scales
 T - a +2 hat (worn)
Jewellery
 g - a ring of positive energy
 q - a +4 ring of slaying (left claw)
 y - a ring of fire
 A - the amulet "Rougaprunea" (around neck) {rC+ rN+ Regen+ Stlth+}
   (You found it on level 12 of the Dungeon)

   [amulet of regeneration]

   rC:        It protects you from cold.
   rN:        It protects you from negative energy.
   Regen:     It increases your rate of health regeneration.
   Stlth:     It makes you more stealthy.
 F - a ring of see invisible
 L - a ring of flight
 Z - the ring of the Tortoise (right claw) {AC+8}
   (You bought it in a shop on level 2 of the Orcish Mines)

   [ring of protection]

   AC:        It affects your AC (+8).
Wands
 m - a wand of quicksilver (22)
 u - a wand of flame (49)
 K - a wand of charming (9)
 M - a wand of iceblast (11)
 X - a wand of mindburst (2)
Scrolls
 d - 13 scrolls of teleportation
 e - 2 scrolls of magic mapping
 i - a scroll of torment
 l - 2 scrolls of poison
 t - a scroll of amnesia
 v - 2 scrolls of blinking
 w - 3 scrolls of enchant armour
 x - 3 scrolls of fear
 D - 5 scrolls of silence
 E - 4 scrolls of fog
 O - 3 scrolls of identify
 R - a scroll of summoning
Potions
 c - 2 potions of might
 f - 5 potions of brilliance
 k - 6 potions of lignification
 o - a potion of berserk rage
 r - 10 potions of curing
 s - 4 potions of heal wounds
 I - 4 potions of resistance
 J - a potion of invisibility
 N - 4 potions of mutation
 S - 5 potions of magic
 U - a potion of cancellation
 V - 4 potions of haste
Miscellaneous
 j - a tin of tremorstones (2/2)


   Skills:
 + Level 12.6 Fighting
 - Level 9.9 Dodging
 - Level 13.3 Shields
 * Level 20.2 Unarmed Combat


You had 15 spell levels left.
You didn't know any spells.
Your spell library contained the following spells:

 Spells                   Type           Power      Damage    Failure   Level
 Magic Dart               Conj           0%         1d3       94%         1
 Slow                     Hex            0%         N/A       94%         1
 Summon Small Mammal      Summ           0%         N/A       94%         1
 Call Imp                 Summ           0%         N/A       98%         2
 Poisonous Vapours        Pois/Air       0%         N/A       98%         2
 Sublimation of Blood     Necr           0%         N/A       98%         2
 Wereblood                Tmut           0%         N/A       98%         2
 Call Canine Familiar     Summ           0%         N/A       100%        3
 Confusing Touch          Hex            0%         N/A       100%        3
 Ignite Poison            Fire/Tmut/Pois 0%         N/A       100%        3
 Mephitic Cloud           Conj/Pois/Air  0%         N/A       100%        3
 Portal Projectile        Hex/Tloc       0%         N/A       100%        3
 Summon Guardian Golem    Hex/Summ       0%         N/A       100%        3
 Tukima's Dance           Hex            0%         N/A       100%        3
 Vampiric Draining        Necr           0%         2d6       100%        3
 Animate Armour           Summ/Erth      0%         N/A       100%        4
 Animate Dead             Necr           0%         N/A       100%        4
 Corpse Rot               Necr/Pois/Air  0%         N/A       100%        4
 Hailstorm                Conj/Ice       0%         3d3       100%        4
 Leda's Liquefaction      Hex/Erth       0%         N/A       100%        4
 Summon Lightning Spire   Summ/Air       0%         N/A       100%        4
 Blade Hands              Tmut           0%         N/A       100%        5
 Borgnjor's Vile Clutch   Necr/Erth      0%         N/A       100%        5
 Lee's Rapid Deconstruct  Erth           0%         3d5*      100%        5
 Death Channel            Necr           0%         N/A       100%        6
 Statue Form              Tmut/Erth      0%         N/A       100%        6
 Storm Form               Tmut/Air       0%         N/A       100%        7
 Summon Hydra             Summ           0%         N/A       100%        7
 Maxwell's Capacitive Co  Air            0%         ∞         100%        8
 Shatter                  Erth           0%         3d5*      100%        9


Dungeon Overview and Level Annotations

Branches:
Dungeon (14/15)            Temple (0/1) D:6            Lair (5/5) D:10
 Shoals (4/4) Lair:3        Snake (0/4) Lair:3        Slime (0/5) Lair:5
    Orc (2/2) D:10            Elf (0/3) Orc:2        Vaults (0/5) D:13
Volcano (visited)

Altars:
Dithmenos
Elyvilon
Gozag
Hepliaklqana
Kikubaaqudgha
Nemelex Xobeh
Qazlal
Ru
Sif Muna
Uskayaw
Vehumet
Wu Jian
Yredelemnul
Jiyva

Shops:
D:7 ?   D:12 ?   D:13 *   Orc:2 [=:[:   Shoals:1 ((   Shoals:2 [

Annotations:
D:9 Maggie
Lair:5 exclusion: 3 oklob plants
Shoals:1 exclusion: kraken


Innate Abilities, Weirdness & Mutations

You are too large for most types of armour.
You have claws for hands.
Your natural rate of healing is unusually fast.
You are covered in fur. (AC +1)
You have tough skin. (AC +1)


Message History

The merfolk aquamancer is heavily wounded.
The satyr unwields a +0 longbow.
The satyr wields a +0 quarterstaff.
The satyr hits you but does no damage.
The alligator snapping turtle barely misses you.
You mangle the merfolk aquamancer!!
The merfolk aquamancer is almost dead.
The merfolk aquamancer casts a spell at you.
The ball of steam hits you!!
You scratch the merfolk aquamancer.
The merfolk aquamancer is almost dead.
You are engulfed in a cloud of scalding steam.
The satyr unwields a +0 quarterstaff.
The satyr wields a +0 longbow.
The satyr shoots an arrow.
The arrow hits you!!
The alligator snapping turtle bites you from afar!!
* * * LOW HITPOINT WARNING * * *
The merfolk aquamancer hits you but does no damage.
You mangle the merfolk aquamancer!!
You kill the merfolk aquamancer!
The Council accepts your kill.
You are engulfed in a cloud of scalding steam.
* * * LOW HITPOINT WARNING * * *
The satyr shoots an arrow.
The arrow hits you!
* * * LOW HITPOINT WARNING * * *
You closely miss the satyr.
The alligator snapping turtle bites you from afar.
* * * LOW HITPOINT WARNING * * *
You mangle the satyr!!
The satyr is moderately wounded.
The satyr plays a frightful melody on his pipes!
The satyr radiates an aura of fear!
You resist with some effort.
You barely miss the satyr.
The satyr is moderately wounded.
You block the alligator snapping turtle's attack.
The satyr shoots an arrow.
The arrow hits you!!
* * * LOW HITPOINT WARNING * * *
You eviscerate the satyr!!!
The satyr is almost dead.
The alligator snapping turtle barely misses you.
The satyr shoots an arrow.
The arrow hits you!!
You die...

≈#.. #~ ... '#~ #.. ~~~
.. ~~ #.##~## t.#~.#
#c)#.## ≈ #@.#..## ≈≈
#..#(..# ≈≈≈≈≈≈≈#..#
≈≈≈≈≈≈≈#..## .~
≈≈≈≈≈≈≈≈#..## ~~
≈≈≈≈≈≈≈≈##~.## .~
≈≈≈≈≈≈≈≈≈.~..#### ###8~
≈≈≈≈≈≈≈≈≈#.~~.#.####...~
≈≈≈≈≈≈≈≈≈≈##.....~.....~


You could see an alligator snapping turtle and a satyr.

Vanquished Creatures
  Polyphemus (Shoals:2)
  Gastronok (Lair:3)
  The ghost of emagee the Severer, a journeyman FoAK of Lugonu (Lair:4)
  The ghost of Iusername the Severer, a journeyman MiFi of Dithmenos (Lair:4)
  Nessos (D:13)
  2 fire dragons
  A merfolk impaler (Shoals:1)
  2 merfolk javelineers
  Fannar (Lair:2)
  11 hydras
  A vault guard (D:13)
  5 boulder beetles
  2 catoblepae
  6 centaur warriors
  5 merfolk aquamancers
  An alligator snapping turtle (Shoals:1)
  2 merfolk avatars (Shoals:2)
  2 death yaks
  A tengu warrior (D:13)
  6 two-headed ogres
  4 satyrs
  Urug (D:12)
  8 sea snakes
  Lodul (D:14)
  A deep elf archer (D:13)
  An orc knight (Orc:2)
  7 lindwurms
  A deep elf pyromancer (D:13)
  12 harpies
  8 orc sorcerers (Orc:2)
  15 fauns
  13 manticores
  10 merfolk sirens
  13 elephants
  2 centaur zombies (D:12)
  12 cyclopes
  11 black mambas
  2 water nymphs (Shoals:3)
  2 gargoyles
  3 molten gargoyles (Lair:5)
  9 cane toads
  3 centaur skeletons (D:12)
  A smoke demon (Volcano)
  2 kobold demonologists
  2 rime drakes (Lair:3)
  A freezing wraith (D:13)
  17 komodo dragons
  2 trolls
  27 merfolk
  3 polar bears (Lair:4)
  6 slime creatures
  4 wind drakes
  A hornet (Lair:2)
  Prince Ribbit (D:7)
  A wind drake (shapeshifter) (D:14)
  8 blink frogs (Lair:2)
  3 snapping turtles
  3 dream sheep
  10 flying skulls (D:12)
  Sigmund (D:2)
  9 wyverns
  A spectral black mamba (D:12)
  2 vampires (D:12)
  33 yaks
  11 water elementals
  4 shadows
  Eustachio (D:5)
  10 wraiths
  3 fire bats (Lair:3)
  A centaur simulacrum (D:12)
  9 steam dragons
  3 basilisks
  Menkaure (D:5)
  10 vampire mosquitoes
  10 wargs
  3 acid dragons
  6 hell hounds
  14 water moccasins
  13 orc warriors
  2 ice beasts
  3 sky beasts
  A meliai simulacrum (D:12)
  A boulder beetle simulacrum (D:12)
  9 ogres
  3 black mamba simulacra (D:12)
  16 wolves
  12 centaurs
  A phantom (D:5)
  18 bullfrogs
  6 kobold brigands
  2 necrophages
  2 gnoll sergeants
  3 scorpions
  9 killer bees
  5 howler monkeys
  6 jellies
  6 electric eels
  3 hounds
  4 lava snakes (Lair:5)
  2 gnoll boudas
  8 orc priests
  4 iguanas
  Ijyb (D:3)
  48 orc wizards
  11 hell rats
  A boggart skeleton (D:12)
  A boggart simulacrum (D:12)
  Robin (D:2)
  18 gnolls
  12 adders
  A shadow imp (D:8)
  4 white imps
  An ufetubus (D:4)
  2 worms
  3 dart slugs (D:4)
  88 orcs
  15 ball pythons
  6 bats
  6 endoplasms
  6 giant cockroaches
  14 goblins
  9 hobgoblins
  4 jackals (D:2)
  3 quokkas
  8 frilled lizards
  25 kobolds
  5 rats
  A spectral goblin (D:1)
849 creatures vanquished.

Vanquished Creatures (others)
  A merfolk aquamancer (Shoals:2)
  An orc wizard (Orc:2)
  7 fungi
  101 plants
  6 withered plants (Lair:4)
116 creatures vanquished.

Grand Total: 965 creatures vanquished

Notes
Turn   | Place    | Note
-------+----------+-------------------------------------------
     0 | D:1      | LustLizard the Troll Fighter began the quest for the Orb.
     0 | D:1      | Reached XP level 1. HP: 22/22 MP: 0/0
   195 | D:1      | Reached XP level 2. HP: 29/29 MP: 1/1
   381 | D:1      | Found a faded altar of an unknown god.
   773 | D:2      | Noticed Robin
   810 | D:1      | Reached XP level 3. HP: 26/36 MP: 2/2
   842 | D:1      | Reached skill level 3 in Unarmed Combat
   869 | D:2      | Killed Robin
   994 | D:2      | Noticed Sigmund
  1014 | D:2      | Killed Sigmund
  1015 | D:2      | Reached skill level 4 in Unarmed Combat
  1015 | D:2      | Reached XP level 4. HP: 11/45 MP: 3/3
  1015 | D:2      | Reached XP level 5. HP: 14/53 MP: 4/4
  2090 | D:3      | Reached XP level 6. HP: 61/61 MP: 5/5
  2218 | D:3      | Noticed Ijyb
  2221 | D:3      | Killed Ijyb
  2491 | D:4      | Reached skill level 5 in Unarmed Combat
  2698 | D:4      | Got the Lessons on Transmigration
  2723 | D:4      | Reached XP level 7. HP: 68/68 MP: 6/6
  2907 | D:4      | Found an ornate altar of the Wu Jian Council.
  2970 | D:4      | Became a worshipper of the Wu Jian Council
  3054 | D:4      | Reached skill level 6 in Unarmed Combat
  3336 | D:4      | Identified the +0 dagger of Wyorash {freeze, Str+9 Dex+4
                  | Stlth-}
  3343 | D:4      | Found a stormy altar of Qazlal.
  3558 | D:5      | Entered Level 5 of the Dungeon
  3693 | D:5      | Found an opulent altar of Gozag.
  3698 | D:5      | Noticed Eustachio
  3715 | D:5      | Killed Eustachio
  3768 | D:5      | Found a sacrificial altar of Ru.
  3772 | D:5      | Reached skill level 5 in Shields
  3776 | D:5      | Reached XP level 8. HP: 78/79 MP: 7/7
  3795 | D:5      | Noticed Menkaure
  3795 | D:5      | Reached * piety under Wu Jian
  3796 | D:5      | Reached skill level 7 in Unarmed Combat
  3802 | D:5      | Killed Menkaure
  4276 | D:6      | Reached skill level 5 in Fighting
  4330 | D:6      | Found a sparkling altar of Nemelex Xobeh.
  4357 | D:6      | Reached skill level 8 in Unarmed Combat
  4582 | D:6      | Found a staircase to the Ecumenical Temple.
  4590 | D:6      | Reached XP level 9. HP: 88/88 MP: 8/8
  5206 | D:6      | You fall into a shaft and drop 1 floor!
  5375 | D:7      | Noticed Prince Ribbit
  5381 | D:7      | Killed Prince Ribbit
  5382 | D:7      | Reached skill level 9 in Unarmed Combat
  5417 | D:7      | Reached ** piety under Wu Jian
  5646 | D:7      | Noticed a cyclops
  5658 | D:7      | Killed a cyclops
  5685 | D:7      | Noticed a cyclops
  5690 | D:7      | Killed a cyclops
  5691 | D:7      | Reached skill level 10 in Unarmed Combat
  5730 | D:7      | Reached XP level 10. HP: 91/98 MP: 9/9
  5902 | D:7      | Found Fuleab's Magic Scroll Boutique.
  5911 | D:7      | Bought a scroll of blinking for 105 gold pieces
  5911 | D:7      | Bought a scroll of identify for 28 gold pieces
  5911 | D:7      | Bought 2 scrolls of identify for 56 gold pieces
  5914 | D:7      | Identified 2 scrolls of acquirement
  5915 | D:7      | Acquired the +1 shadow dragon scales of the Constellations
                  | {MP-9 Str+4 Stlth++++}
  5927 | D:7      | Acquired 832 gold pieces
  5968 | D:7      | Bought a scroll of identify for 28 gold pieces
  5968 | D:7      | Bought a scroll of identify for 28 gold pieces
  5968 | D:7      | Bought a scroll of teleportation for 42 gold pieces
  5968 | D:7      | Bought a scroll of silence for 133 gold pieces
  6016 | D:7      | Found an ancient bone altar of Kikubaaqudgha.
  6016 | D:7      | Found a radiant altar of Vehumet.
  6039 | D:7      | Found a shimmering blue altar of Sif Muna.
  6163 | D:7      | Found a hide-covered altar of Uskayaw.
  6415 | D:8      | Reached *** piety under Wu Jian
  6544 | D:8      | Found a white marble altar of Elyvilon.
  6944 | D:9      | Identified the +5 falchion "Beetleslayer" {speed, rN+
                  | Int+3}
  7066 | D:9      | Reached skill level 11 in Unarmed Combat
  7312 | D:9      | Found a shadowy altar of Dithmenos.
  7485 | D:9      | Noticed Maggie
  7612 | D:10     | Entered Level 10 of the Dungeon
  7619 | D:10     | Reached skill level 5 in Dodging
  7622 | D:10     | Noticed a boulder beetle
  7752 | D:10     | Found a hazy altar of Hepliaklqana.
  7818 | D:10     | Noticed a two-headed ogre
  7821 | D:10     | Killed a boulder beetle
  7822 | D:10     | Reached XP level 11. HP: 98/109 MP: 1/10
  7842 | D:10     | Killed a two-headed ogre
  7904 | D:10     | Noticed a two-headed ogre
  7911 | D:10     | Found a basalt altar of Yredelemnul.
  7922 | D:10     | Killed a two-headed ogre
  7922 | D:10     | Reached **** piety under Wu Jian
  7950 | D:10     | Reached skill level 12 in Unarmed Combat
  8055 | D:10     | Found a staircase to the Lair.
  8350 | D:10     | Found a staircase to the Orcish Mines.
  8444 | Lair:1   | Entered Level 1 of the Lair of Beasts
  9011 | Lair:1   | Reached ***** piety under Wu Jian
  9018 | Lair:1   | Reached skill level 13 in Unarmed Combat
  9337 | Lair:1   | Reached XP level 12. HP: 89/119 MP: 2/11
  9735 | Lair:2   | Noticed Fannar
  9770 | Lair:2   | Killed Fannar
 10148 | Lair:2   | Reached skill level 14 in Unarmed Combat
 10793 | Lair:3   | Found a staircase to the Snake Pit.
 10971 | Lair:3   | Noticed Gastronok
 10992 | Lair:3   | Killed Gastronok
 11067 | Lair:3   | Noticed a five-headed hydra
 11075 | Lair:3   | Killed a five-headed hydra
 11076 | Lair:3   | Reached skill level 10 in Shields
 11076 | Lair:3   | Reached XP level 13. HP: 131/131 MP: 2/12
 11408 | Lair:3   | Found a dark tunnel.
 11421 | Volcano  | Entered a volcano
 11553 | Volcano  | Reached skill level 15 in Unarmed Combat
 11698 | Volcano  | Noticed a fire dragon
 11711 | Volcano  | Killed a fire dragon
 12074 | Lair:3   | Found a staircase to the Shoals.
 12682 | Lair:4   | Found a runed translucent gate.
 12683 | Lair:4   | Found a runed translucent gate.
 12683 | Lair:4   | Found a runed translucent gate.
 12686 | Lair:4   | Noticed emagee's ghost (journeyman FoAK)
 12686 | Lair:4   | Noticed Iusername's ghost (journeyman MiFi)
 12686 | Lair:4   | Found the +5 sword of Power {vorpal}
 13392 | Lair:5   | Entered Level 5 of the Lair of Beasts
 13392 | Lair:5   | Found a staircase to the Slime Pits.
 13587 | Lair:5   | Found an ornate altar of the Wu Jian Council.
 14141 | Lair:5   | Reached skill level 10 in Fighting
 14152 | Lair:5   | Reached ****** piety under Wu Jian
 14153 | Lair:5   | Reached skill level 16 in Unarmed Combat
 14295 | Lair:4   | Reached XP level 14. HP: 138/139 MP: 4/13
 14726 | Lair:5   | Found a large runed translucent door.
 14728 | Lair:5   | Found a large runed translucent door.
 14980 | Orc:1    | Entered Level 1 of the Orcish Mines
 15224 | Orc:2    | Entered Level 2 of the Orcish Mines
 15396 | Orc:2    | Found Ysmeo's Self-Improvement Boutique.
 15484 | Orc:2    | Paralysed by an orc sorcerer for 4 turns
 15608 | Orc:2    | Found Ruemaxell's Jewellery Shop.
 15670 | Orc:2    | Found Gaobev's Armour Emporium.
 15963 | Orc:2    | Found Yjay's Antique Armour Emporium.
 15963 | Orc:2    | Found Ekenaeta's Book Shop.
 16055 | Orc:2    | Found a staircase to the Elven Halls.
 16325 | Orc:2    | Bought the ring of the Tortoise {AC+8} for 1664 gold pieces
 16325 | Orc:2    | Found the ring of the Tortoise {AC+8}
 17383 | D:12     | Found Heasm's Magic Scroll Boutique.
 17422 | D:12     | Noticed Urug
 17434 | D:12     | Killed Urug
 17601 | D:12     | Reached skill level 17 in Unarmed Combat
 18397 | D:12     | Identified the +7 mace "Rylaasa" {protect, +Blink Stlth+}
 18413 | D:12     | Found a basalt altar of Yredelemnul.
 18450 | D:12     | Identified the amulet "Rougaprunea" {rC+ rN+ Regen+ Stlth+}
 18708 | Lair:4   | Killed emagee's ghost
 18716 | Lair:4   | Killed Iusername's ghost
 18946 | Lair:5   | Reached XP level 15. HP: 118/152 MP: 5/14
 19126 | Lair:5   | Found a viscous altar of Jiyva.
 19401 | Lair:5   | Got the Quarto of Blows and Bruises and Silt
 19764 | D:13     | Noticed Nessos
 19768 | D:13     | Killed Nessos
 20043 | D:13     | Found Ydoraraz's General Store.
 20051 | D:13     | Bought a potion of might for 68 gold pieces
 20099 | D:13     | Identified the +3 leather armour of Understanding {rC+
                  | Dex+2}
 20204 | D:13     | Reached skill level 18 in Unarmed Combat
 20244 | D:13     | Found a gate to the Vaults.
 20712 | D:14     | Noticed Lodul
 20725 | D:14     | Killed Lodul
 21913 | Shoals:1 | Entered Level 1 of the Shoals
 22114 | Shoals:1 | Found Cialod's Antique Weapon Shop.
 22127 | Shoals:1 | Noticed a kraken
 22313 | Shoals:1 | Found Caismurgh's Firing Range.
 22658 | Shoals:2 | Found Ogomec's Armour Shop.
 22661 | Shoals:2 | Noticed Polyphemus
 22839 | Shoals:2 | Killed Polyphemus
 22873 | Shoals:2 | Reached skill level 19 in Unarmed Combat
 22892 | Shoals:2 | Reached XP level 16. HP: 43/165 MP: 6/15
 23849 | Shoals:3 | Acquired the +1 cloak of Pantheism {Int+4}
 24424 | Shoals:4 | Entered Level 4 of the Shoals
 24585 | Shoals:4 | Reached skill level 20 in Unarmed Combat
 24767 | Shoals:4 | Shot with an arrow by a satyr

Illustrated notes

Levels and vault maps discovered:
D:1:      nicolae_arrival_memento_mori, layout_basic,
          dreamdust_ecumenical_altar_drowned_temple
D:2:      layout_basic, amethyst_killhole, uniq_sigmund, uniq_robin
D:3:      layout_basic, uniq_ijyb
D:4:      nicolae_cairo_tiling_large, layout_loops_corners,
          nicolae_wu_jian_immortal_techniques, nicolae_qazlal_scattered_showers,
          minmay_snake_closets
D:5:      layout_loops_ring, nicolae_ru_great_annihilating_truth,
          lemuel_doored_altar, uniq_menkaure, uniq_eustachio
D:6:      layout_layer_cave, nemelex_xobeh_ov_fountains_minmay,
          minmay_temple_entry_butterflies
D:7:      layout_loops_ring, palyth_temple_overflow_mages,
          nicolae_uskayaw_dance_studio, serial_shops, nicolae_shop_stone,
          kb_rosetta, uniq_prince_ribbit1
D:8:      minmay_spotlight, layout_rooms, mainiacjoe_overflow_chevrons
D:9:      layout_loops_cross, overflow_temple_1_default, uniq_maggie
D:10:     layout_cave_pools, lemuel_coloured_pillars_altar, lemuel_tele_altar,
          lair_entry_dummy, david_orc_4, minmay_bent
D:11:     layout_basic, serial_curves, eino_curves_01, eino_curves_01
D:12:     lemuel_vampire_tower, layout_small_grid, serial_shops, shop,
          minivault_4, uniq_urug
D:13:     layout_loops_corners, david_vaults_5, serial_bayou,
          serial_bayou_lagoon_b, serial_bayou_ford_a, serial_bayou_lagoon_a,
          serial_bayou_crossing, serial_bayou_pond_e, serial_shops,
          nicolae_shop_waterfront, uniq_nessos
D:14:     layout_stronghold, minmay_misc_feat_more_columns, uniq_lodul
Lair:1:   layout_hall_layers, wad_woods_river_01
Lair:2:   layout_cave_pods, serial_bayou_shore_b, uniq_fannar
Lair:3:   layout_cave_pods, minmay_shoals_entry_hut,
          minmay_snake_entry_six_corridors, nicolae_volcano_entry_batcave,
          grunt_megastairs_2, uniq_gastronok
Lair:4:   layout_roguey, gammafunk_ghost_cemetery, serial_bayou_shore_a
Lair:5:   cheibrodos_lair_end_hotspot, layout_small_grid,
          minmay_slime_entry_oklob_open, basic_altar, lemuel_fruit_tree
Shoals:1: layout_shoals, serial_shops, nicolae_shop_hallway_stairs,
          nicolae_shop_firing_range
Shoals:2: layout_shoals, serial_shops, nicolae_stop_n_shop_2,
          nicolae_shoals_flooded_hall, uniq_polyphemus
Shoals:3: layout_shoals
Shoals:4: shoals_end_hellmonk_lost_city
Orc:1:    layout_caves, special_room [special_room_orc]
Orc:2:    st_orc_town, layout_caves, basic_altar, nicolae_shop_self_help

Skill      XL: |  1  2  3  4  5  6  7  8  9 10 11 12 13 14 15 16 |
---------------+-------------------------------------------------+-----
Shields        | 3 4 5 6 7 9 10 11 12 13 | 13.3
Unarmed Combat | 4 5 6 8 10 11 13 14 16 17 19 20 | 20.2
Fighting       | 3 4 5 6 7 8 9 10 11 12 | 12.6
Dodging        | 3 5 6 7 8 9 |  9.9

Action                   |  1- 3 |  4- 6 |  7- 9 | 10-12 | 13-15 | 16-18 || total
-------------------------+-------+-------+-------+-------+-------+-------++-------
Melee: Unarmed           |   110 |   118 |   226 |   619 |  1175 |   308 ||  2556
       Dagger            |       |       |       |       |    12 |       ||    12
       Mace              |       |       |       |       |    30 |       ||    30
Throw: Stone             |       |       |     8 |     5 |       |       ||    13
       Dart              |       |       |       |    14 |     6 |       ||    20
Invok: Lunge             |       |       |    28 |    62 |   110 |    30 ||   230
       Whirlwind         |       |       |     1 |    48 |    38 |    18 ||   105
Evoke: Wand              |       |       |       |     5 |     8 |       ||    13
  Use: Potion            |     1 |       |       |     4 |     4 |       ||     9
       Scroll            |       |     2 |     6 |    15 |    10 |     3 ||    36
 Stab: Sleeping          |       |       |     2 |     4 |    15 |       ||    21
       Paralysed         |       |       |     1 |       |       |       ||     1
       Distracted        |       |       |       |       |     2 |       ||     2
       Confused          |       |       |       |       |     1 |       ||     1
       Petrified         |       |       |       |       |     2 |       ||     2
Armor: Robe              |    36 |    32 |    42 |     2 |       |       ||   112
       Shadow dragon sca |       |       |       |   265 |   577 |   123 ||   965
       Skin              |       |       |       |     8 |    57 |       ||    65
Dodge: Dodged            |    38 |    43 |    76 |   160 |   315 |    60 ||   692
Block: Kite shield       |    50 |    50 |    72 |   248 |   522 |   133 ||  1075
